 Dungeon Crawl Stone Soup version 0.24-a0-291-g79c1ce7 (webtiles) character file.

Game seed: 14983384526232621435

4384 galech the Cleaver (level 10, -7/77 HPs)
             Began as a Demonspawn Fighter on May 9, 2019.
             Was a Priest of Okawaru.
             Killed by nerve-wracking pain
             ... invoked by an orc priest
              (10 damage)
             ... on level 9 of the Dungeon.
             The game lasted 00:10:04 (8703 turns).

galech the Cleaver (Demonspawn Fighter)             Turns: 8703, Time: 00:10:05

Health: -7/77      AC: 19    Str: 16    XL:     10   Next: 13%
Magic:  0/10       EV: 11    Int: 11    God:    Okawaru [***...]
Gold:   380        SH: 12    Dex: 15    Spells: 9/9 levels left

rFire    . . .     SeeInvis .   n - +2 hand axe (chop)
rCold    . . .     Gourm    .   c - +0 shield
rNeg     . . .     Faith    .   E - +0 chain mail
rPois    .         Spirit   +   e - +0 helmet
rElec    .         Reflect  .   g - +0 cloak
rCorr    .         Harm     .   i - +0 pair of gloves
MR       .....                  (no boots)
Stlth    ..........             D - amulet of guardian spirit
HPRegen  0.22/turn              (no ring)
MPRegen  0.12/turn              (no ring)

@: heroism
A: talons 2, icy blue scales 1, foul stench 2, rot immunity
a: Heroism, Renounce Religion


You were on level 9 of the Dungeon.
You worshipped Okawaru.
Okawaru was most pleased with you.
You were hungry.

You visited 2 branches of the dungeon, and saw 10 of its levels.

You collected 416 gold pieces.
You spent 36 gold pieces at shops.

Inventory:

Hand Weapons
 a - a +0 war axe
 n - a +2 hand axe of chopping (weapon)
Armour
 c - a +0 shield (worn)
 e - a +0 helmet (worn)
 g - a +0 cloak (worn)
 i - a +0 pair of gloves (worn)
 E - a +0 chain mail (worn)
Jewellery
 D - an amulet of guardian spirit (around neck)
Wands
 r - a wand of clouds (5)
 y - a wand of acid (13)
 F - a wand of enslavement (7)
 H - a wand of flame (13)
Scrolls
 b - a scroll of blinking
 j - 5 scrolls of enchant weapon
 o - a scroll of amnesia
 q - 2 scrolls of enchant armour
 s - a scroll of identify
 t - a scroll of magic mapping
 v - 3 scrolls of teleportation
 w - a scroll of random uselessness
 A - 5 scrolls of remove curse {unknown}
 B - a scroll of fog {unknown}
 I - a scroll of vulnerability {unknown}
Potions
 d - 2 potions of might
 h - 2 potions of haste {unknown}
 k - 2 potions of curing
 l - 3 potions of brilliance {unknown}
 m - 2 potions of magic {unknown}
 p - 2 potions of resistance {unknown}
 u - 3 potions of heal wounds {unknown}
 x - 3 potions of mutation {unknown}
 z - 3 potions of lignification {unknown}
 G - a potion of invisibility {unknown}
 J - a potion of ambrosia {unknown}
Comestibles
 f - 10 rations


   Skills:
 + Level 6.5(11.5) Fighting
 + Level 8.3(13.3) Axes
 + Level 7.1(12.1) Armour
 + Level 3.7(8.7) Dodging
 + Level 0.9(5.9) Stealth
 + Level 6.1(11.1) Shields


You had 9 spell levels left.
You didn't know any spells.
Your spell library contained the following spells:

 Spells                   Type           Power        Failure   Level  Hunger
 Animate Skeleton         Necr           N/A          99%         1    ##.....
 Apportation              Tloc           #.....       99%         1    ##.....
 Confusing Touch          Hex            #.....       99%         1    ##.....
 Flame Tongue             Conj/Fire      #....        99%         1    ##.....
 Infusion                 Chrm           #...         99%         1    ##.....
 Magic Dart               Conj           #...         99%         1    ##.....
 Sandblast                Erth           #.....       99%         1    ##.....
 Summon Butterflies       Summ           #.......     99%         1    ##.....
 Summon Small Mammal      Summ           #...         99%         1    ##.....
 Throw Flame              Conj/Fire      #.....       100%        2    ###....
 Conjure Flame            Conj/Fire      #.......     100%        3    ####...
 Inner Flame              Hex/Fire       #.......     100%        3    ####...
 Sticky Flame             Conj/Fire      #.......     100%        4    #####..
 Fireball                 Conj/Fire      #.........   100%        5    ######.


Dungeon Overview and Level Annotations

Branches:
Dungeon (9/15)             Temple (1/1) D:5
   Lair: D:8-11         Orc: D:9-12

Altars:
Ashenzari
Cheibriados
Dithmenos
Elyvilon
Fedhas
Gozag
Hepliaklqana
Kikubaaqudgha
Makhleb
Nemelex Xobeh
Okawaru
Qazlal
Ru
Sif Muna
Trog
Uskayaw
Vehumet
Xom
Yredelemnul
The Shining One

Shops:
D:8 *

Annotations:
D:3 1 runed translucent door, TheOvate's ghost, amateur HOFi
D:5 2 runed translucent doors, mortelune's ghost, novice DrFE
D:7 exclusion: statue


Innate Abilities, Weirdness & Mutations

You have razor-sharp toenails.
You are partially covered in icy blue scales. (AC +2)
You frequently emit foul miasma when damaged in melee.
You are immune to rotting.


Message History

You gain the combat prowess of a mighty hero.
The orc priest hits you but does no damage. x2
The orc priest looks sick.
The crocodile bites you!
* * * LOW HITPOINT WARNING * * *
You emit a cloud of foul miasma!
The orc priest hits you but does no damage.
You hit the crocodile.
You claw the crocodile, but do no damage.
The crocodile is moderately wounded.
Your chain mail prevents you from hitting the orc priest.
You hit the orc priest but do no damage.
You closely miss the orc priest. You slash the orc!
You kill the orc!
Okawaru accepts your kill.
The orc priest invokes the aid of Beogh against you.
Pain shoots through your body!
* * * LOW HITPOINT WARNING * * *
The orc priest invokes the aid of Beogh against you.
Pain shoots through your body!
You die...

...... ......#.(....
.........##.....##......
............######......
...................#####
.......>....##.....#
............##.....#
...................##
......to............#
......)@..#.......#.#
..%....oo.#.......#.#
#####.....#......##.#
#..#..#......##.#
#....#.....####.#
#.#..#.....# ...
#...>#.....# ###
######.....# #.....#


You could see a crocodile and 3 orc priests.

Vanquished Creatures
  A troll (D:8)
  Grinder (D:6)
  Sigmund (D:3)
  2 wyverns (D:8)
  3 steam dragons (D:8)
  A water moccasin (D:6)
  An orc warrior (D:7)
  2 sky beasts (D:7)
  2 black bears
  2 phantoms
  2 ogres
  5 centaurs
  5 bullfrogs
  A scorpion (D:7)
  5 killer bees
  3 crimson imps
  3 howler monkeys
  A jelly (D:8)
  A bullfrog zombie (D:5)
  A centaur skeleton (D:6)
  3 orc priests
  A bullfrog skeleton (D:7)
  6 hounds
  5 orc wizards
  3 iguanas
  Jessica (D:3)
  Terence (D:3)
  5 worker ants
  3 worker ant zombies
  Robin (D:3)
  7 gnolls
  10 adders
  3 shadow imps
  An adder skeleton (D:8)
  3 worms
  2 dart slugs
  3 leopard geckos
  22 orcs
  2 ball pythons
  6 bats
  4 giant cockroaches
  12 goblins
  8 hobgoblins
  12 jackals
  6 kobolds
  3 quokkas
  A frilled lizard (D:1)
  A jackal zombie (D:7)
  A leopard gecko skeleton (D:7)
  A quokka skeleton (D:4)
  7 rats
187 creatures vanquished.

Notes
Turn   | Place    | Note
-------+----------+-------------------------------------------
     0 | D:1      | galech the Demonspawn Fighter began the quest for the Orb.
     0 | D:1      | Reached XP level 1. HP: 18/18 MP: 1/1
   423 | D:1      | Gained mutation: You are immune to rotting. [demonic
                  | ancestry]
   423 | D:1      | Reached XP level 2. HP: 23/24 MP: 2/2
   545 | D:1      | Reached skill level 2 in Axes
  1156 | D:2      | Gained mutation: You have sharp toenails. [demonic
                  | ancestry]
  1156 | D:2      | Reached XP level 3. HP: 19/29 MP: 3/3
  1813 | D:3      | Noticed Terence
  1819 | D:3      | Killed Terence
  1819 | D:3      | Reached XP level 4. HP: 35/35 MP: 4/4
  1823 | D:3      | Reached skill level 3 in Axes
  1843 | D:3      | Gained mutation: You may emit foul miasma when damaged in
                  | melee. [demonic ancestry]
  1843 | D:3      | Reached XP level 5. HP: 41/41 MP: 5/5
  1900 | D:3      | Found a runed translucent door.
  1900 | D:3      | Noticed TheOvate's ghost (amateur HOFi)
  2011 | D:3      | Noticed Sigmund
  2025 | D:3      | Killed Sigmund
  2025 | D:3      | Reached skill level 4 in Axes
  2025 | D:3      | Gained mutation: You have razor-sharp toenails. [demonic
                  | ancestry]
  2025 | D:3      | Reached XP level 6. HP: 40/48 MP: 6/6
  2164 | D:3      | Noticed Robin
  2181 | D:3      | Killed Robin
  2319 | D:3      | Noticed Jessica
  2327 | D:3      | Killed Jessica
  2854 | D:4      | Found a hide-covered altar of Uskayaw.
  2854 | D:4      | Noticed a +0 hand axe
  2854 | D:4      | Noticed a +0 hand axe
  3288 | D:5      | Entered Level 5 of the Dungeon
  3291 | D:5      | Gained mutation: You are partially covered in icy blue
                  | scales. (AC +2) [demonic ancestry]
  3291 | D:5      | Reached XP level 7. HP: 51/54 MP: 7/7
  3310 | D:5      | Reached skill level 1 in Dodging
  3537 | D:5      | Reached skill level 5 in Axes
  3592 | D:5      | Found a staircase to the Ecumenical Temple.
  3684 | Temple   | Entered the Ecumenical Temple
  3689 | Temple   | Became a worshipper of Warmaster Okawaru
  3801 | D:5      | Found a runed translucent door.
  3858 | D:5      | Noticed mortelune's ghost (novice DrFE)
  3905 | D:5      | Found a runed translucent door.
  3959 | D:5      | Found a sparkling altar of Nemelex Xobeh.
  4244 | D:6      | Noticed Grinder
  4248 | D:6      | Paralysed by Grinder for 5 turns
  4268 | D:6      | Killed Grinder
  4268 | D:6      | Reached XP level 8. HP: 29/61 MP: 4/8
  4354 | D:6      | Reached * piety under Okawaru
  4354 | D:6      | Reached skill level 6 in Axes
  4394 | D:6      | Reached skill level 5 in Armour
  4608 | D:6      | Reached skill level 5 in Fighting
  5020 | D:6      | Reached ** piety under Okawaru
  5028 | D:6      | Identified First Steps in Thaumaturgy
  5064 | D:6      | Reached skill level 5 in Shields
  5216 | D:6      | Reached XP level 9. HP: 59/68 MP: 7/9
  5909 | D:7      | Reached skill level 7 in Axes
  6150 | D:7      | Found a radiant altar of Vehumet.
  6292 | D:7      | Found a deep blue altar of Sif Muna.
  6292 | D:7      | Found a burning altar of Makhleb.
  6381 | D:8      | Reached *** piety under Okawaru
  6581 | D:8      | Found Aruxiyk's General Store.
  6589 | D:8      | Bought a potion of curing for 36 gold pieces
  7380 | D:9      | Noticed a troll
  7395 | D:9      | HP: 2/69 [troll (10)]
  7400 | D:8      | Killed a troll
  7400 | D:8      | Reached skill level 8 in Axes
  7741 | D:8      | Gained mutation: You frequently emit foul miasma when
                  | damaged in melee. [demonic ancestry]
  7741 | D:8      | Reached XP level 10. HP: 61/77 MP: 7/10
  8694 | D:9      | Reached **** piety under Okawaru
  8703 | D:9      | HP: 3/77 [orc priest/nerve-wracking pain (9)]
  8703 | D:9      | Killed from afar by an orc priest

Levels and vault maps discovered:
D:1:      dpeg_arrival_oval, layout_basic, st_stairs_3, minmay_split_cup_small
D:2:      layout_loops_ring
D:3:      layout_basic, ebering_ghost_inner_flame, serial_bayou_pond_d,
          uniq_jessica, uniq_sigmund, uniq_robin, uniq_terence
D:4:      layout_loops_cross, dancing_weapons_uskayaw
D:5:      layout_loops_ring, kennysheep_mini_moat,
          minmay_temple_entry_mini_moons, first_ration, ebering_ghost_sewer_f
D:6:      layout_gridville, serial_bayou_pond_b, uniq_grinder
D:7:      layout_rooms, vehumet_statue, gammafunk_temple_overflow_wave
D:8:      layout_layer_cave, serial_shops, shop
D:9:      cheibrodos_steamvent, layout_basic,
          gammafunk_temple_overflow_elements, due_lair_maze_entry_diamond,
          serial_shops, shop, david_nohive_1, nicolae_zen_rock_garden,
          grunt_decor_fettered
Temple:   minmay_freezing_vapour_temple

Skill      XL: |  1  2  3  4  5  6  7  8  9 10 |
---------------+-------------------------------+-----
Axes           | 2 3 4 5 6 8 |  8.3
Shields        | 3 4 5 6 |  6.1
Armour         | 3 4 6 7 |  7.1
Fighting       | 4 5 6 |  6.5
Dodging        | 2 3 |  3.7
Stealth        | |  0.9

Action                   |  1- 3 |  4- 6 |  7- 9 | 10-12 || total
-------------------------+-------+-------+-------+-------++-------
Melee: War axe           |    36 |       |       |       ||    36
       Hand axe          |    35 |   131 |   384 |    80 ||   630
       Kick              |     6 |    31 |   108 |    18 ||   163
Invok: Heroism           |       |       |       |     2 ||     2
  Use: Potion            |     1 |       |     3 |       ||     4
       Scroll            |       |       |     7 |       ||     7
  Eat: Chunk             |     3 |     5 |    12 |     1 ||    21
       Ration            |       |       |     1 |       ||     1
Armor: Scale mail        |    25 |    40 |    39 |       ||   104
       Chain mail        |       |       |   183 |    74 ||   257
Dodge: Dodged            |    19 |    29 |    93 |    28 ||   169
Block: Shield            |    31 |    61 |   183 |    57 ||   332

Table legend:
 A = Non-vault XP
 B = Vault XP
 C = Vault XP percentage of total XP
 D = Non-vault monster count
 E = Vault monster count
 F = Vault count percentage of total count
                 A         B        C        D         E       F
            +---------+---------+-------+---------+---------+-------
      Total |    5084 |    1180 |  18.8 |     165 |      22 |  11.8
            +---------+---------+-------+---------+---------+-------
        D:1 |      13 |      11 |  45.8 |       9 |       6 |  40.0
        D:2 |      52 |       0 |   0.0 |      13 |       0 |   0.0
        D:3 |     166 |     314 |  65.4 |      34 |      11 |  24.4
        D:4 |     226 |       0 |   0.0 |      11 |       0 |   0.0
        D:5 |     609 |       0 |   0.0 |      21 |       0 |   0.0
        D:6 |    1116 |     297 |  21.0 |      21 |       2 |   8.7
        D:7 |    1286 |       0 |   0.0 |      24 |       0 |   0.0
        D:8 |    1283 |     558 |  30.3 |      20 |       3 |  13.0
        D:9 |     333 |       0 |   0.0 |      12 |       0 |   0.0
            +---------+---------+-------+---------+---------+-------
